 Dungeon Crawl Stone Soup version 0.24.1-8-ga250c9d538 (webtiles) character file.

Game seed: 7810862016576084610, levelgen mode: deterministic

1512 nightchill the Basher (level 8, -1/52 HPs)
             Began as a Gargoyle Earth Elementalist on Apr 27, 2020.
             Was an Initiate of Okawaru.
             Hit by a boomerang thrown by an orc warrior (4 damage)
             ... on level 6 of the Dungeon.
             The game lasted 00:18:58 (7191 turns).

nightchill the Basher (Gargoyle Earth Elementalist) Turns: 7191, Time: 00:18:59

Health: -1/52      AC: 12    Str: 14    XL:     8   Next: 83%
Magic:  0/11       EV: 10    Int: 16    God:    Okawaru [......]
Gold:   271        SH:  0    Dex: 10    Spells: 8/11 levels left

rFire    . . .     SeeInvis .   y - +0 morningstar
rCold    . . .     Gourm    .   (no shield)
rNeg     + . .     Faith    .   L - +0 ring mail
rPois    ∞         Spirit   .   (no helmet)
rElec    +         Reflect  .   f - +0 cloak
rCorr    .         Harm     .   E - +0 pair of gloves
MR       .....                  (no boots)
Stlth    +.........             (no amulet)
HPRegen  0.17/turn              (no ring)
MPRegen  0.12/turn              (no ring)

@: about to teleport, very slightly contaminated
A: negative energy resistance 1, electricity resistance, unbreathing,
petrification resistance, rot immunity, AC +5
a: Renounce Religion


You were on level 6 of the Dungeon.
You worshipped Okawaru.
Okawaru was noncommittal.
You were very hungry.

You visited 2 branches of the dungeon, and saw 7 of its levels.

You collected 271 gold pieces.

Inventory:

Hand Weapons
 a - a +0 hunting sling
 e - a +0 dagger
 g - a +0 whip
 h - a +0 club
 n - a +0 mace
 y - a +0 morningstar (weapon)
Missiles
 b - 89 stones (quivered)
 k - 12 poisoned darts
 G - 20 sling bullets
Armour
 c - a +0 robe
 f - a +0 cloak (worn)
 E - a +0 pair of gloves (worn)
 L - a +0 ring mail (worn)
Jewellery
 w - an uncursed ring of wizardry {unknown}
 M - a +2 ring of slaying {unknown}
Wands
 I - a wand of iceblast (16)
Scrolls
 m - a scroll of remove curse
 o - a scroll of blinking {unknown}
 p - 3 scrolls of noise {unknown}
 q - 2 scrolls of magic mapping
 r - a scroll of enchant armour {unknown}
 s - 4 scrolls of teleportation
 u - a scroll of enchant weapon {unknown}
 x - a scroll of fog {unknown}
 C - 2 scrolls of amnesia {unknown}
 H - a scroll of immolation {unknown}
 J - a scroll of identify
 K - a scroll of vulnerability {unknown}
Potions
 i - 2 potions of flight {unknown}
 j - 3 potions of heal wounds {unknown}
 l - 2 potions of lignification {unknown}
 t - 2 potions of brilliance {unknown}
 v - a potion of mutation {unknown}
 A - a potion of experience {unknown}
 B - 4 potions of curing
 D - a potion of degeneration {unknown}
 F - a potion of agility {unknown}
Comestibles
 d - 11 rations


   Skills:
 + Level 6.6 Fighting
 * Level 8.4 Maces & Flails
 - Level 1.5 Dodging
 - Level 2.1 Stealth
 - Level 2.0 Spellcasting
 - Level 0.7 Transmutations
 - Level 4.1 Earth Magic
 + Level 0.8 Invocations


You had 8 spell levels left.
You knew the following spells:

 Your Spells              Type           Power        Failure   Level  Hunger
a - Sandblast             Erth           ##....       8%          1    #......
b - Passwall              Tmut/Erth      #.......     24%         2    ###....

Your spell library contained the following spells:

 Spells                   Type           Power        Failure   Level  Hunger
 Stone Arrow              Conj/Erth      #.....       50%         3    ###....
 Petrify                  Tmut/Erth      #.......     83%         4    #####..
 Lee's Rapid Deconstruct  Erth           ##........   91%         5    ######.


Dungeon Overview and Level Annotations

Branches:
Dungeon (6/15)             Temple (1/1) D:5

Altars:
Ashenzari
Cheibriados
Dithmenos
Elyvilon
Fedhas
Gozag
Hepliaklqana
Kikubaaqudgha
Nemelex Xobeh
Okawaru
Qazlal
Ru
Trog
Uskayaw
Vehumet
Yredelemnul
Zin
The Shining One

Shops:
D:4 [

Annotations:
D:5 exclusion: downstairs
D:6 Blork the orc


Innate Abilities, Weirdness & Mutations

You are resistant to torment.
Your stone body is resilient. (AC +5)
You are immune to poison.
You resist negative energy. (rN+)
You are resistant to electric shocks. (rElec)
You can survive without breathing.
You are immune to petrification.
You are immune to rotting.


Message History

The orc warrior hits you but does no damage.
Okay, then.
The orc warrior throws a boomerang.
The boomerang closely misses you.
The weapon returns to the orc warrior!
Blork the orc comes into view.
He is wielding a +0 scimitar.
Blork the orc shouts!
The orc warrior throws a boomerang.
The boomerang barely misses you.
The weapon returns to the orc warrior!
Blork the orc moves out of view.
As you read the scroll of teleportation, it crumbles to dust.
You feel strangely unstable.
The orc warrior throws a boomerang.
The boomerang hits you!
* * * LOW HITPOINT WARNING * * *
The weapon returns to the orc warrior!
Casting: Sandblast (safe; 8% risk of failure)
Confirm with . or Enter, or press ? or * to list all spells.
Okay, then.
As you read the scroll labeled MORUZE SAGIENTO, it crumbles to dust.
Your brain hurts!
It was a scroll of random uselessness.
The orc warrior throws a boomerang.
The boomerang hits you.
You die...

....# #.#.#)#
######.#.#.####
...........)...
#...$....# .. #...#.##.#
#..####...#.##.#
#.........o..#.#
#...?.....#@#.#
######..#.#.#.#
#..#.#.#.# #..#.#o#.#
###.######..#.#.#.# .#
..................#####.#
.#..############..#.....#
#...._...# #........##


You could see Blork the orc and an orc warrior.

Vanquished Creatures
  Grinder (D:3)
  A water moccasin (D:6)
  A sky beast (D:4)
  An ice beast (D:5)
  3 ogres
  A centaur (D:5)
  A bullfrog (D:6)
  An orc priest (D:6)
  3 hounds
  A centaur skeleton (D:4)
  Jessica (D:3)
  An iguana (D:6)
  Terence (D:3)
  3 orc wizards
  4 worker ants
  2 hound skeletons (D:4)
  Robin (D:2)
  2 river rats (D:5)
  6 adders
  An adder skeleton (D:4)
  A worm (D:2)
  A dart slug (D:4)
  9 leopard geckos
  6 orcs
  2 ball pythons
  9 bats
  5 giant cockroaches
  9 hobgoblins
  4 jackals (D:5)
  6 kobolds
  A quokka (D:2)
  A ball python skeleton (D:5)
  2 frilled lizards
  14 goblins
  A leopard gecko zombie (D:5)
  13 rats
120 creatures vanquished.

Notes
Turn   | Place    | Note
-------+----------+-------------------------------------------
     0 | D:1      | nightchill the Gargoyle Earth Elementalist began the quest
                  | for the Orb.
     0 | D:1      | Reached XP level 1. HP: 10/10 MP: 3/3
   129 | D:1      | Reached skill level 1 in Fighting
   140 | D:1      | Reached XP level 2. HP: 9/16 MP: 3/5
   278 | D:1      | Learned a level 2 spell: Passwall
   701 | D:1      | Reached skill level 1 in Maces & Flails
   722 | D:1      | Reached XP level 3. HP: 21/21 MP: 6/6
  1568 | D:2      | Noticed Robin
  1596 | D:2      | Reached skill level 2 in Maces & Flails
  1602 | D:2      | Killed Robin
  1602 | D:2      | Reached XP level 4. HP: 18/26 MP: 2/7
  2365 | D:3      | Noticed Terence
  2443 | D:3      | Killed Terence
  2443 | D:3      | Reached skill level 3 in Maces & Flails
  2443 | D:3      | Reached XP level 5. HP: 26/32 MP: 0/8
  2866 | D:3      | Noticed Jessica
  2870 | D:3      | Killed Jessica
  2872 | D:3      | Noticed Grinder
  2906 | D:3      | Paralysed by Grinder for 7 turns
  2913 | D:3      | Killed Grinder
  2913 | D:3      | Reached skill level 4 in Maces & Flails
  2913 | D:3      | Reached XP level 6. HP: 11/38 MP: 0/9
  3148 | D:3      | Found a blossoming altar of Fedhas.
  3320 | D:3      | Reached skill level 5 in Maces & Flails
  3355 | D:3      | Found a shadowy altar of Dithmenos.
  3557 | D:4      | Noticed a phantom
  3685 | D:4      | Reached XP level 7. HP: 44/44 MP: 6/10
  3772 | D:4      | Found Joluoz's Armour Boutique.
  4045 | D:4      | Reached skill level 6 in Maces & Flails
  4257 | D:4      | Reached skill level 5 in Fighting
  4656 | D:4      | Got a citrine-encrusted ring mail
  4658 | D:4      | Identified the +3 ring mail of Poor Excuses {*Corrode rPois
                  | Int+6} (You found it on level 4 of the Dungeon)
  4675 | D:5      | Entered Level 5 of the Dungeon
  4698 | D:4      | Reached XP level 8. HP: 24/50 MP: 3/11
  4922 | D:5      | Reached skill level 7 in Maces & Flails
  5266 | D:5      | Found a sparkling altar of Nemelex Xobeh.
  5316 | D:5      | Found a shadowy altar of Dithmenos.
  5392 | D:5      | Found an ancient bone altar of Kikubaaqudgha.
  5447 | D:5      | Found a staircase to the Ecumenical Temple.
  5458 | Temple   | Entered the Ecumenical Temple
  6292 | D:5      | Found a bloodstained altar of Trog.
  6296 | D:5      | Found a hide-covered altar of Uskayaw.
  6863 | D:6      | Reached skill level 8 in Maces & Flails
  7081 | D:6      | Found an iron altar of Okawaru.
  7086 | D:6      | Found a glowing silver altar of Zin.
  7086 | D:6      | Found a stormy altar of Qazlal.
  7106 | D:6      | Became a worshipper of Warmaster Okawaru
  7189 | D:6      | Noticed Blork the orc
  7191 | D:6      | Hit by a boomerang thrown by an orc warrior

Levels and vault maps discovered:
D:1:      minmay_arrival_plants_in_alcoves, layout_loops_ring
D:2:      layout_loops_ring, first_ration, uniq_robin
D:3:      layout_rooms, lemuel_doored_altar, old_standard_altar,
          corexii_corridor_pit, uniq_terence, uniq_jessica, uniq_grinder
D:4:      layout_cave_pools, serial_shops, nicolae_shop_waterfront,
          minmay_divided_ellipse
D:5:      layout_layer_cave, minitemple, nemelex_xobeh_ov_fountains_minmay,
          lemuel_crystal_altar, minmay_temple_entry_statues_fountains,
          portal_sewer_entry_a, nicolae_dithmenos_the_darkroom
D:6:      layout_loops_ring, grunt_temple_overflow_champion_of_chaos,
          grunt_temple_overflow_open, serial_shops, nicolae_shop_statue_plus,
          minmay_misc_feat_tower, uniq_blork_the_orc
Temple:   kb_temple_of_zot

Skill      XL: |  1  2  3  4  5  6  7  8 |
---------------+-------------------------+-----
Fighting       | 1 2 4 5 6 |  6.6
Earth Magic    | 4 |  4.1
Maces & Flails | 1 2 3 4 5 6 8 |  8.4
Dodging        | |  1.5
Stealth        | |  2.1
Spellcasting   | |  2.0
Transmutations | |  0.7
Invocations    | |  0.8

Action                   |  1- 3 |  4- 6 |  7- 9 || total
-------------------------+-------+-------+-------++-------
Melee: Unarmed           |    32 |       |       ||    32
       Whip              |   141 |    73 |       ||   214
       Dagger            |    13 |       |       ||    13
       Mace              |       |    58 |   119 ||   177
       Morningstar       |       |       |   101 ||   101
Throw: Stone             |     2 |       |     1 ||     3
 Cast: Sandblast         |    14 |    39 |    41 ||    94
Evoke: Wand              |       |       |     1 ||     1
  Use: Scroll            |       |     2 |     5 ||     7
       Potion            |       |       |     1 ||     1
 Stab: Sleeping          |     4 |     4 |     1 ||     9
       Distracted        |       |       |     1 ||     1
  Eat: Chunk             |     3 |     7 |    11 ||    21
Armor: Robe              |    78 |    60 |    72 ||   210
       Ring mail         |       |       |    42 ||    42
Dodge: Dodged            |   149 |   104 |   140 ||   393
